 Dungeon Sprint DCSS version 0.17-a0-1575-g9a29ec8 (webtiles) character file.

12 nuthulu the Chopper (level 3, -19/36 HPs)
             Began as a Minotaur Berserker on July 26, 2015.
             Was a Believer of Trog.
             Killed by an exploding giant spore (35 damage)
             ... in the Dungeon (Sprint VI: "Thunderdome").
             The game lasted 00:01:38 (178 turns).

nuthulu the Chopper (Minotaur Berserker)             Turns: 178, Time: 00:01:38

Health: -19/36     AC:  2    Str: 21    XL:     3   Next: 16%
Magic:  2/2        EV: 12    Int:  4    God:    Trog [**....]
Gold:   10         SH:  0    Dex:  8    Spells: 0 memorised, 2 levels left

rFire  + . .     SeeInvis +     n - +0 broad axe
rCold  . . .     Clarity  .     b - +0 animal skin
rNeg   . . .     SustAt   .     (no shield)
rPois  +         Gourm    .     (helmet restricted)
rElec  .         Spirit   .     (no cloak)
rCorr  .         Warding  .     (no gloves)
rMut   .         NoTele   +     (no boots)
MR     .....                    q - amulet "Paos" {Faith +Blink rF+ Slay-5}
Stlth  +.........               (no ring)
                                p - ring "Rys Ufum" {+Blink rPois Dex-2 SInv}

@: confused, not resistant to hostile enchantments, very unstealthy
A: retaliatory headbutt, horns 2
a: Burn Spellbooks, Berserk, Trog's Hand, Renounce Religion, Evoke Blink


You were in the Dungeon.
You worshipped Trog.
Trog was pleased with you.
You were not hungry.

You visited 1 branch You collected 220 gold pieces.
You spent 210 gold pieces at shops.

Inventory:

Hand weapons
 a - a +0 hand axe
 n - a +0 broad axe (weapon)
Armour
 b - a +0 animal skin (worn)
Jewellery
 p - the ring "Rys Ufum" (left hand) {+Blink rPois Dex-2 SInv}
   (You bought it in a shop in the Dungeon)

   [ring of see invisible]

   It affects your dexterity (-2).
   It protects you from poison.
   It lets you see invisible.
   It lets you blink.
 q - the amulet "Paos" (around neck) {Faith +Blink rF+ Slay-5}
   (You bought it in a shop in the Dungeon)

   [amulet of faith]

   It allows you to gain divine favour quickly.
   It affects your accuracy and damage with ranged weapons and melee attacks
   (-5).
   It protects you from fire.
   It lets you blink.
Magical devices
 j - a wand of cold (5)
 k - a wand of fire (5)
Scrolls
 i - 4 scrolls of blinking
 l - 3 scrolls of fog
Potions
 d - a potion of curing
 e - 4 potions of heal wounds
 f - 4 potions of haste
 g - 2 potions of magic
 h - a potion of berserk rage
 m - a potion of resistance
Comestibles
 c - a bread ration
 o - 7 chunks of flesh


   Skills:
 + Level 5.2 Fighting
 + Level 5.3 Axes
 + Level 4.4 Armour
 + Level 3.8 Dodging


You had 2 spell levels left.
You didn't know any spells.

Dungeon Overview and Level Annotations

Branches:
Dungeon (1/1)

Altars:
Cheibriados
Dithmenos
Fedhas
Gozag
Kikubaaqudgha
Makhleb
Okawaru
Qazlal
Ru
Sif Muna
Trog
Vehumet
Xom
Yredelemnul
Zin
The Shining One
Jiyva
Lugonu

Shops:
D *[%??*?*:[((!!!!


Innate Abilities, Weirdness & Mutations

You reflexively headbutt those who attack you in melee.
You have a pair of horns on your head.


Message History

You hear an explosion! x2
The explosion of spores engulfs the ballistomycete.
You hear an explosion!
A fungus suddenly grows.
You hear an explosion! x2
The explosion of spores engulfs the ballistomycete.
You hear an explosion! x14
A ballistomycete grows in the wake of the giant spore.
You hear an explosion! x164
The giant spore explodes!
The explosion of spores engulfs the giant spore.
The giant spore explodes!
A fungus suddenly grows.
The explosion of spores engulfs the ballistomycete.
The explosion of spores engulfs the giant spore.
The giant spore explodes!
The explosion of spores engulfs you!
You are confused.
Ouch! That really hurt!
You die...

#.....# ##.....##
##∩.....∩## #∩.......∩#
#_......._# #........_#
#_........# ###.........###
#⌠@.......÷..⌠#
######.8.........8.#####
##∩___.PP...###......___∩
###∩........8.# #.8..÷.....
##.............###..........
#⌠..........###...###.......
#⌠..........# #.<.# #.......
#⌠......P...###...###.......
##....P..P.P...###..........


There were no monsters in sight!

Vanquished Creatures
  A hound (D)
  A giant gecko (D)
  A hobgoblin (D)
  A jackal (D)
  A kobold (D)
5 creatures vanquished.

Vanquished Creatures (others)
  73 giant spores (D)
73 creatures vanquished.

Grand Total: 78 creatures vanquished

Notes
Turn   | Place    | Note
--------------------------------------------------------------
     0 | D        | nuthulu the Minotaur Berserker began the quest for the Orb.
     0 | D        | Reached XP level 1. HP: 19/19 MP: 0/0
     1 | D        | Found a shadowy altar of Dithmenos.
     1 | D        | Found a burning altar of Makhleb.
     2 | D        | Found an opulent altar of Gozag.
     3 | D        | Found a corrupted altar of Lugonu.
     3 | D        | Found a radiant altar of Vehumet.
     4 | D        | Found a blossoming altar of Fedhas.
     4 | D        | Found Parerghudd's Weapon Rack.
     4 | D        | Found Hiatrauh's Premium Goods.
     5 | D        | Found Cali's Basic Armour.
     5 | D        | Found Etez's Miscellaneous Merchandise.
     5 | D        | Round 1.
    12 | D        | Bought a +0 broad axe for 120 gold pieces
    18 | D        | Found a stormy altar of Qazlal.
    20 | D        | Found Plog's Identification Station.
    21 | D        | Found Biesel's Advanced Armour.
    21 | D        | Found Kaagioga's Jewellery.
    22 | D        | Found a shimmering altar of Xom.
    22 | D        | Found a deep blue altar of Sif Muna.
    22 | D        | Found an iron altar of Okawaru.
    22 | D        | Found Veha's Bee Food.
    32 | D        | Found a glowing golden altar of the Shining One.
    34 | D        | Found a viscous altar of Jiyva.
    35 | D        | Found Seqaddev's Magic Scroll Shop.
    37 | D        | Found a bloodstained altar of Trog.
    37 | D        | Found a basalt altar of Yredelemnul.
    37 | D        | Found Faotwats's Staff Store.
    37 | D        | Found Buovvyveju's Magic Scroll Shop.
    37 | D        | Found Nuunkash's Must-Have Magic.
    46 | D        | Found a sacrificial altar of Ru.
    47 | D        | Found a glowing silver altar of Zin.
    48 | D        | Found a snail-covered altar of Cheibriados.
    49 | D        | Found Sivvyexuith's Distillery.
    49 | D        | Found an ancient bone altar of Kikubaaqudgha.
    49 | D        | Found Riupt's Do-It-Yourself Clinic.
    50 | D        | Found Gihuwaq's Distillery.
    50 | D        | Found Eghov's Bottled Wisdom.
    50 | D        | Reached skill level 4 in Fighting
    56 | D        | Acquired Trog's second power
    99 | D        | Noticed a hound
   108 | D        | Killed a hound
   108 | D        | Arena points: 12 (+12) [x2]
   108 | D        | Reached skill level 5 in Fighting
   108 | D        | Reached skill level 5 in Axes
   108 | D        | Reached XP level 2. HP: 8/29 MP: 1/1
   108 | D        | Reached XP level 3. HP: 10/36 MP: 2/2
   138 | D        | Bought a steaming copper ring for 45 gold pieces
   138 | D        | Bought a transparent lead amulet for 45 gold pieces
   138 | D        | Identified the ring "Rys Ufum" {+Blink rPois Dex-2 SInv} (You bought it in a shop in the Dungeon)
   139 | D        | Identified the amulet "Paos" {Faith +Blink rF+ Slay-5} (You bought it in a shop in the Dungeon)
   170 | D        | Round 2.
   178 | D        | Killed by an exploding giant spore

Vault maps used:
D:        arena_sprint

Action                   || total
-------------------------++-------
Melee: Broad axe         ||    13
Invok: Berserk           ||     1
